[Event "Titled Tuesday Blitz August 08 Early 2023"]
[White "Legenia, Artem"]
[Black "Skliarov, Viktor"]
[WhiteFideId "14136945"]
[BlackFideId "14106736"]
[WhiteElo "2370"]
[BlackElo "2694"]
[Result "1-0"]
[Round "1"]
[TimeControl "180+1"]
[Date "2023.08.08"]
[WhiteClock "0:00:25"]
[BlackClock "0:00:12"]
[Board "137"]

1. Nf3 g6 2. e4 Bg7 3. Nc3 c5 4. d4 cxd4 5. Nxd4 Nc6 6. Be3 Nf6 7. Nb3 O-O 8. Be2 a6 9. a4 d6 10. O-O Be6 11. Nd4 Nxd4 12. Bxd4 Rc8 13. f4 Bc4 14. Kh1 Bxe2 15. Qxe2 Qa5 16. Rad1 Qb4 17. e5 Nd7 18. Nd5 Qc4 19. Nxe7+ Kh8 20. Qe3 dxe5 21. fxe5 Qe6 22. Nxc8 Rxc8 23. Bc3 Nxe5 24. Rde1 Re8 25. Qe4 Re7 26. Rd1 h5 27. Rfe1 Kh7 28. Qd5 Qf5 29. Rf1 Qxc2 30. Rde1 f6 31. Bxe5 Rxe5 32. Rxe5 fxe5 33. h3 Qxb2 34. Rf7 h4 35. Qxb7 Qxb7 36. Rxb7 Kh6 37. Ra7 Kg5 38. Rxa6 Kf5 39. Rc6 Bh6 40. a5 Be3 41. a6 e4 42. Rc7 Bd4 43. a7 Bxa7 44. Rxa7 Kf4 45. Kg1 g5 46. Kf1 Kg3 47. Re7 Kf4 48. Ke2 Kg3 49. Rxe4 Kxg2 50. Rg4+ Kxh3 51. Kf3 Kh2 52. Rxg5 h3 53. Rg3 Kh1 54. Rxh3+ Kg1 55. Rg3+ Kf1 56. Rg2 Ke1 57. Rf2 1-0


[Site "https://www.chess.com"]

[Event "Titled Tuesday Blitz August 08 Early 2023"]
[White "Rendle, Thomas E"]
[Black "Gueci, Tea"]
[WhiteFideId "408760"]
[BlackFideId "872342"]
[WhiteElo "2693"]
[BlackElo "2370"]
[Result "1-0"]
[Round "1"]
[TimeControl "180+1"]
[Date "2023.08.08"]
[WhiteClock "0:00:50"]
[BlackClock "0:00:18"]
[Board "138"]

1. e4 c5 2. Nc3 Nc6 3. Bb5 Nd4 4. Nf3 a6 5. Bd3 e6 6. O-O Nc6 7. Nd5 Nge7 8. Ne3 Ng6 9. c3 Be7 10. Bc2 O-O 11. d4 cxd4 12. cxd4 d5 13. e5 f6 14. exf6 Bxf6 15. Ng4 Bd7 16. Re1 Rc8 17. a3 b5 18. Bxg6 hxg6 19. Qd3 Ne7 20. Nfe5 Be8 21. Bd2 Nf5 22. Rac1 Rc4 23. Nxf6+ gxf6 24. Nxc4 dxc4 25. Qh3 Qxd4 26. Bb4 Rf7 27. Rxe6 Bd7 28. Rxa6 Nh4 29. Qg3 Kg7 30. Bc3 Qg4 31. Qxg4 Bxg4 32. f3 Bd7 33. Kf2 g5 34. Rd1 Nf5 35. Rxf6 Bc8 36. Rxf5+ 1-0


[Site "https://www.chess.com"]

[Event "Titled Tuesday Blitz August 08 Early 2023"]
[White "Der_Balak_3Halak"]
[Black "Alex_Sahakyan2006"]
[WhiteElo "2368"]
[BlackElo "2692"]
[Result "0-1"]
[Round "1"]
[TimeControl "180+1"]
[Date "2023.08.08"]
[WhiteClock "0:00:11"]
[BlackClock "0:00:45"]
[Board "139"]

1. e4 e5 2. Nf3 Nc6 3. Bb5 a6 4. Bxc6 dxc6 5. O-O Bg4 6. h3 h5 7. d3 Qf6 8. Nbd2 g5 9. Re1 Bc5 10. Nb3 Bb6 11. Bxg5 Qg7 12. Bh4 Bxh3 13. Bg5 Bg4 14. Be3 Bxe3 15. Rxe3 h4 16. d4 O-O-O 17. c3 Ne7 18. Nc5 b6 19. Nxa6 h3 20. g3 h2+ 21. Kh1 Kb7 22. Nb4 exd4 23. cxd4 Rxd4 24. Qe2 Rxb4 0-1


[Site "https://www.chess.com"]

[Event "Titled Tuesday Blitz August 08 Early 2023"]
[White "Koshulyan, Egor A."]
[Black "Bures, Vit"]
[WhiteFideId "24237000"]
[BlackFideId "309052"]
[WhiteElo "2689"]
[BlackElo "2367"]
[Result "1-0"]
[Round "1"]
[TimeControl "180+1"]
[Date "2023.08.08"]
[WhiteClock "0:00:32"]
[BlackClock "0:00:00"]
[Board "140"]

1. e4 e5 2. Nf3 Nc6 3. Bb5 a6 4. Ba4 Nf6 5. O-O Be7 6. Re1 b5 7. Bb3 O-O 8. h3 Bb7 9. d3 d5 10. Nc3 dxe4 11. Nxe4 Nxe4 12. Rxe4 Nd4 13. Rxe5 Nxf3+ 14. gxf3 Bd6 15. Rg5 Qf6 16. Bd5 Bxd5 17. Rxd5 Rfe8 18. Be3 Qe6 19. Rh5 g6 20. Rh4 Qf6 21. Rg4 Qxb2 22. Bd4 Qa3 23. f4 f5 24. Rg2 Bxf4 25. Qf3 Qd6 26. c3 Rad8 27. Rd1 Be5 28. Be3 Bxc3 29. Qxf5 Qf6 30. Qc5 Be5 31. Bg5 Qf5 32. Qc2 Rd4 33. Re1 Rf8 34. Be3 Rxd3 35. Qc6 Bg7 36. Qxc7 Qf7 37. Qc6 Rd7 38. Qxa6 b4 39. Qb5 Bc3 40. Re2 Re8 41. Rg4 Rd1+ 42. Kg2 Rf8 43. Qc6 Rd5 44. Rf4 Rf5 45. Rxf5 Qxf5 46. Bh6 1-0


[Site "https://www.chess.com"]

[Event "Titled Tuesday Blitz August 08 Early 2023"]
[White "K2JW"]
[Black "Godzwon, Iwo"]
[BlackFideId "21802483"]
[WhiteElo "2366"]
[BlackElo "2686"]
[Result "0-1"]
[Round "1"]
[TimeControl "180+1"]
[Date "2023.08.08"]
[WhiteClock "0:00:04"]
[BlackClock "0:00:31"]
[Board "141"]

1. d4 Nf6 2. e3 g6 3. Bd3 Bg7 4. Nf3 d6 5. O-O Nbd7 6. e4 O-O 7. c4 e5 8. Nc3 Re8 9. Re1 Nh5 10. Be3 Nf4 11. Bf1 a5 12. g3 Ne6 13. d5 Nec5 14. b3 h6 15. a3 Na6 16. Rb1 Nf8 17. b4 b6 18. Qc2 f5 19. Bd3 Qf6 20. Kg2 f4 21. gxf4 Bg4 22. Ne2 exf4 23. Bd4 Qf7 24. Bxg7 Kxg7 25. Qd2 g5 26. Ned4 Ng6 27. h3 Bxf3+ 28. Nxf3 Ne5 29. Nd4 f3+ 30. Kh2 Kh7 31. Nf5 Qh5 32. Kg3 Rf8 33. Qe3 Rae8 34. c5 Rxf5 35. exf5 Qh4+ 36. Kh2 Ng4+ 37. Kg1 Nxe3 38. Rxe3 Rxe3 39. fxe3 Qg3+ 40. Kf1 Qg2+ 41. Ke1 f2+ 42. Kd2 f1=Q+ 43. Kc3 Qxb1 0-1


[Site "https://www.chess.com"]

[Event "Titled Tuesday Blitz August 08 Early 2023"]
[White "Ioannidis, Evgenios"]
[Black "Gatterer, Florian"]
[WhiteFideId "4229274"]
[BlackFideId "811688"]
[WhiteElo "2686"]
[BlackElo "2364"]
[Result "1-0"]
[Round "1"]
[TimeControl "180+1"]
[Date "2023.08.08"]
[WhiteClock "0:00:33"]
[BlackClock "0:00:37"]
[Board "142"]

1. d4 Nf6 2. c4 g6 3. Nc3 d5 4. Nf3 Bg7 5. Bg5 Ne4 6. Bf4 O-O 7. Nxd5 c6 8. Nc3 Nxc3 9. bxc3 Qa5 10. Bd2 c5 11. e3 Bg4 12. Be2 e6 13. O-O Nc6 14. h3 Bxf3 15. Bxf3 Rac8 16. Qc2 Rfd8 17. Qb2 Qc7 18. Rab1 b6 19. Rfc1 e5 20. Bxc6 Qxc6 21. d5 Qd7 22. e4 f5 23. exf5 gxf5 24. Qb5 Qf7 25. a4 f4 26. f3 Kh8 27. a5 Rg8 28. axb6 axb6 29. Qxb6 e4 30. fxe4 Rce8 31. Rf1 Rxe4 32. Rbe1 Qg6 33. Qxg6 Rxe1 34. Qxg7+ Kxg7 35. Rxe1 1-0


[Site "https://www.chess.com"]

[Event "Titled Tuesday Blitz August 08 Early 2023"]
[White "Nathan, Nitish"]
[Black "Matinian, Nikita"]
[WhiteFideId "30927870"]
[BlackFideId "24129100"]
[WhiteElo "2362"]
[BlackElo "2675"]
[Result "1/2-1/2"]
[Round "1"]
[TimeControl "180+1"]
[Date "2023.08.08"]
[WhiteClock "0:00:52"]
[BlackClock "0:00:05"]
[Board "143"]

1. d4 Nf6 2. Bf4 g6 3. e3 Bg7 4. Nf3 O-O 5. h3 d6 6. Be2 Nbd7 7. O-O e5 8. dxe5 Nh5 9. Bh2 dxe5 10. c4 e4 11. Nd4 Nhf6 12. Nc3 c6 13. Qc2 Qe7 14. Rad1 Re8 15. a3 a5 16. Rd2 Bf8 17. Rfd1 Nc5 18. b4 axb4 19. axb4 Nd3 20. b5 c5 21. Nb3 Bf5 22. g4 Be6 23. Bxd3 exd3 24. Qxd3 Ra3 25. Nb1 Rxb3 26. Qxb3 Ne4 27. Qd3 Nxd2 28. Rxd2 Qh4 29. Qf1 Ra8 30. Nc3 h5 31. Bg3 Qf6 32. Ne4 Qg7 33. gxh5 Ra1 34. Rd1 Bxh3 35. Qe1 Rxd1 36. Qxd1 Bf5 37. Nd6 Be6 38. Nxb7 Bxc4 39. b6 Ba6 40. Nd6 Bxd6 41. Qxd6 Qa1+ 42. Kh2 Qb2 43. Qb8+ Kh7 44. hxg6+ Kxg6 45. Qd6+ f6 46. Qe6 Qe2 47. Qg8+ Kf5 48. Qd5+ Kg6 49. b7 Bxb7 50. Qxb7 Qh5+ 51. Kg2 Qf5 52. Qc7 Qd5+ 53. Kh2 c4 54. Bf4 Qd3 55. e4 Qxe4 56. Be3 Qd3 57. Qg3+ Kf7 58. Qc7+ Kg6 59. Kg2 c3 60. Qg3+ Kf7 61. Qc7+ Kg6 62. Qg3+ Kf7 63. Qc7+ Kg6 1/2-1/2


[Site "https://www.chess.com"]

[Event "Titled Tuesday Blitz August 08 Early 2023"]
[White "Goroshkov, Maksym"]
[Black "Smiechu"]
[WhiteFideId "14142716"]
[WhiteElo "2675"]
[BlackElo "2361"]
[Result "1/2-1/2"]
[Round "1"]
[TimeControl "180+1"]
[Date "2023.08.08"]
[WhiteClock "0:02:19"]
[BlackClock "0:00:36"]
[Board "144"]

1. e4 c5 2. d4 cxd4 3. c3 d3 4. Bxd3 g6 5. Nf3 Bg7 6. O-O Nc6 7. Bf4 d6 8. Na3 Nf6 9. Nc4 O-O 10. e5 dxe5 11. Ncxe5 Nxe5 12. Bxe5 Qb6 13. Qb3 Qxb3 14. axb3 Be6 15. Nd4 Bd7 16. Bb5 Bxb5 17. Nxb5 a6 18. Nc7 Rac8 19. Bxf6 Rxc7 20. Bxg7 Kxg7 21. Rad1 Rfc8 22. Rd4 Rc5 23. Rfd1 R8c7 24. h4 Rb5 25. b4 a5 26. bxa5 Rxb2 27. Rd7 Rxc3 28. Rxe7 Rcc2 29. Rf1 Rc5 30. Rd1 Rxa5 31. Rdd7 Rf5 32. f3 b5 33. Kh2 Rxf3 34. Rb7 Rff2 35. Kh3 h5 36. Red7 b4 37. Rdc7 b3 38. Rd7 Kg8 39. Rd8+ Kg7 40. Rdd7 Rb1 41. Kg3 Rbb2 42. Kh3 1/2-1/2


[Site "https://www.chess.com"]

[Event "Titled Tuesday Blitz August 08 Early 2023"]
[White "Shapiro, Daniel"]
[Black "Zeynalli, Rashad"]
[WhiteFideId "2001780"]
[BlackFideId "13403320"]
[WhiteElo "2361"]
[BlackElo "2675"]
[Result "1/2-1/2"]
[Round "1"]
[TimeControl "180+1"]
[Date "2023.08.08"]
[WhiteClock "0:00:09"]
[BlackClock "0:00:08"]
[Board "145"]

1. d4 d5 2. c4 e6 3. Nf3 Nf6 4. g3 Be7 5. Bg2 O-O 6. O-O dxc4 7. Ne5 Nc6 8. Bxc6 bxc6 9. Nxc6 Qe8 10. Nxe7+ Qxe7 11. Qa4 c5 12. Qxc4 cxd4 13. Qxd4 e5 14. Qh4 Rb8 15. Nc3 Rd8 16. Bg5 Rxb2 17. Ne4 Rb6 18. Rab1 Ra6 19. Rfc1 Bf5 20. Nxf6+ gxf6 21. Bh6 Bxb1 22. Rxb1 Qe6 23. Rb4 Kh8 24. a4 Rb6 25. Rg4 Rg8 26. Rc4 f5 27. Be3 f4 28. Bxb6 axb6 29. Rb4 Rc8 30. Qg5 h6 31. Qh5 Kg7 32. Rb5 Rc5 33. Rxc5 bxc5 34. Qf3 fxg3 35. hxg3 Qa2 36. Qc6 c4 37. Qb5 Qa1+ 38. Kg2 Qd4 39. a5 c3 40. a6 c2 41. Qc6 Qb2 42. a7 c1=Q 43. Qxc1 Qxc1 44. a8=Q Qb2 45. e3 Qc3 46. Qf3 Qc5 47. g4 Qd6 48. Qf5 Qf6 49. Kg3 Qxf5 50. gxf5 Kf6 51. e4 Kg5 52. f3 h5 53. Kh3 Kf4 54. Kh4 Kxf3 55. Kxh5 Kxe4 56. Kg5 Kf3 57. Kf6 e4 58. Kxf7 e3 59. Kg7 e2 60. f6 e1=Q 61. f7 Qe7 62. Kh8 Qf6+ 63. Kg8 Qg6+ 64. Kh8 Qh6+ 65. Kg8 Qg6+ 66. Kh8 Qf6+ 67. Kg8 Qe6 68. Kh8 Qe7 69. Kg8 Qe6 70. Kh8 Qd6 71. Kg8 Qe6 1/2-1/2


[Site "https://www.chess.com"]

[Event "Titled Tuesday Blitz August 08 Early 2023"]
[White "Rychagov, Andrey"]
[Black "AndresDelgado77"]
[WhiteFideId "4119932"]
[WhiteElo "2674"]
[BlackElo "2360"]
[Result "1-0"]
[Round "1"]
[TimeControl "180+1"]
[Date "2023.08.08"]
[WhiteClock "0:00:25"]
[BlackClock "0:00:00"]
[Board "146"]

1. d4 Nf6 2. c4 c6 3. Nf3 d5 4. Nc3 dxc4 5. a4 Bf5 6. Ne5 e6 7. e3 c5 8. Bxc4 cxd4 9. exd4 Nc6 10. Bb5 Rc8 11. Qf3 Qc7 12. g4 Bg6 13. h4 Bb4 14. O-O Bxc3 15. bxc3 Be4 16. Qe2 a6 17. Bxc6+ Bxc6 18. Bf4 Nd5 19. Bd2 O-O 20. c4 Ne7 21. a5 Ng6 22. Nxc6 Qxc6 23. h5 Ne7 24. Rac1 f5 25. d5 Qd6 26. Rfe1 e5 27. Qxe5 Qxe5 28. Rxe5 Rce8 29. Rce1 Kf7 30. Bb4 fxg4 31. Rxe7+ Rxe7 32. Rxe7+ Kf6 33. Rxb7 Rc8 34. c5 g6 35. h6 g5 36. c6 Kg6 37. c7 1-0


[Site "https://www.chess.com"]

[Event "Titled Tuesday Blitz August 08 Early 2023"]
[White "KorolDimitriy75"]
[Black "Hoang, Thi Bao Tram"]
[BlackFideId "12401102"]
[WhiteElo "2359"]
[BlackElo "2671"]
[Result "0-1"]
[Round "1"]
[TimeControl "180+1"]
[Date "2023.08.08"]
[WhiteClock "0:00:00"]
[BlackClock "0:00:07"]
[Board "147"]

1. d4 d5 2. c4 c6 3. Nc3 Nf6 4. e3 g6 5. Nf3 Bg7 6. h3 O-O 7. Bd3 Be6 8. Ng5 Bc8 9. O-O a6 10. b3 dxc4 11. bxc4 c5 12. Nf3 Nc6 13. d5 Nb4 14. Rb1 Qa5 15. a3 Nxd3 16. Qxd3 Ne8 17. Bd2 Qc7 18. a4 Bd7 19. e4 Rd8 20. Rb2 Bc8 21. Rfb1 e6 22. Bg5 f6 23. Bh4 Qa5 24. Rb3 e5 25. Rb6 Rd6 26. R6b3 f5 27. Be7 Rf7 28. Bxd6 Nxd6 29. Rb6 Rd7 30. Ng5 Bf6 31. Ne6 f4 32. R1b3 Kf7 33. g3 g5 34. Kg2 Be7 35. Qf3 Kg6 36. h4 Nxc4 0-1


[Site "https://www.chess.com"]

[Event "Titled Tuesday Blitz August 08 Early 2023"]
[White "Akhmedinov, Satbek"]
[Black "Amanov, Zhanibek"]
[WhiteFideId "13714287"]
[BlackFideId "13700189"]
[WhiteElo "2671"]
[BlackElo "2359"]
[Result "1-0"]
[Round "1"]
[TimeControl "180+1"]
[Date "2023.08.08"]
[WhiteClock "0:02:37"]
[BlackClock "0:01:46"]
[Board "148"]

1. e4 c5 2. Nf3 e6 3. g3 Nc6 4. Bg2 Nf6 5. d3 Be7 6. O-O O-O 7. Nbd2 d5 8. Re1 dxe4 9. Nxe4 Nxe4 10. Rxe4 Bf6 11. Rb1 Bd7 12. Be3 Qa5 13. c3 Ne7 14. a3 1-0


[Site "https://www.chess.com"]

[Event "Titled Tuesday Blitz August 08 Early 2023"]
[White "Nayak Rajesh"]
[Black "Seemann, Jakub"]
[WhiteFideId "35017152"]
[BlackFideId "21874697"]
[WhiteElo "2357"]
[BlackElo "2669"]
[Result "0-1"]
[Round "1"]
[TimeControl "180+1"]
[Date "2023.08.08"]
[WhiteClock "0:00:46"]
[BlackClock "0:01:03"]
[Board "149"]

1. e4 c5 2. Nf3 e6 3. Nc3 Nc6 4. Bb5 Nd4 5. Bc4 a6 6. a4 Ne7 7. O-O Nec6 8. d3 Be7 9. e5 Qc7 10. Re1 Nxf3+ 11. Qxf3 Nd4 12. Qd1 d5 13. Ba2 Bd7 14. Bf4 g5 15. Be3 Nf5 16. Bd2 h5 17. Ne2 Bc6 18. Ng3 Nxg3 19. hxg3 h4 20. g4 h3 21. gxh3 Rxh3 22. Kg2 Rh7 23. Rh1 d4+ 24. f3 Rxh1 25. Qxh1 Qxe5 26. Re1 Qf6 27. Qh3 O-O-O 28. a5 Bd6 29. Re4 Rh8 30. Bxg5 Rxh3 31. Bxf6 Rh2+ 32. Kg1 Bxe4 33. dxe4 Rxc2 34. Bc4 Rxc4 0-1


[Site "https://www.chess.com"]

[Event "Titled Tuesday Blitz August 08 Early 2023"]
[White "Freitag, Manfred"]
[Black "Stachanczyk, Jacek"]
[WhiteFideId "1602004"]
[BlackFideId "1116657"]
[WhiteElo "2668"]
[BlackElo "2356"]
[Result "1-0"]
[Round "1"]
[TimeControl "180+1"]
[Date "2023.08.08"]
[WhiteClock "0:01:30"]
[BlackClock "0:01:18"]
[Board "150"]

1. e4 c5 2. Nf3 d6 3. d4 cxd4 4. Nxd4 Nf6 5. Nc3 g6 6. Be3 Bg7 7. f3 O-O 8. Qd2 Nc6 9. O-O-O d5 10. Nxc6 bxc6 11. Bh6 Bxh6 12. Qxh6 Rb8 13. e5 Nd7 14. h4 e6 15. h5 Qe7 16. f4 Bb7 17. Bd3 c5 18. hxg6 fxg6 19. Bxg6 Qg7 20. Bxh7+ Kf7 21. Bg6+ Kg8 22. Qg5 1-0


[Site "https://www.chess.com"]

[Event "Titled Tuesday Blitz August 08 Early 2023"]
[White "Krzywda, Andrzej"]
[Black "Kleiman, Jake"]
[WhiteFideId "1114565"]
[BlackFideId "2020041"]
[WhiteElo "2355"]
[BlackElo "2668"]
[Result "1-0"]
[Round "1"]
[TimeControl "180+1"]
[Date "2023.08.08"]
[WhiteClock "0:00:41"]
[BlackClock "0:00:05"]
[Board "151"]

1. e4 e5 2. Nf3 Nc6 3. Bb5 a6 4. Ba4 Nf6 5. O-O b5 6. Bb3 Bc5 7. a4 Rb8 8. c3 d6 9. d4 Bb6 10. Re1 O-O 11. h3 h6 12. Qd3 Bd7 13. axb5 axb5 14. Be3 Re8 15. Nbd2 Na5 16. Bc2 c5 17. dxc5 dxc5 18. b4 cxb4 19. cxb4 Nc6 20. Rab1 Bxe3 21. Rxe3 Be6 22. Qc3 Rc8 23. Qb2 Qb6 24. Bb3 Bxb3 25. Qxb3 Red8 26. Qb2 Qb8 27. Nb3 Nxb4 28. Qxe5 Qxe5 29. Nxe5 Re8 30. f4 Nc2 31. Re2 b4 32. Na5 Rc3 33. Nac6 Re6 34. Nxb4 Nd4 35. Ree1 g5 36. Nd5 Nxd5 37. exd5 Rd6 38. Rb8+ Kg7 39. Rb7 Rf6 40. d6 Ne6 41. Ng4 Rxf4 42. Rxe6 Rc1+ 43. Kh2 h5 44. Ne3 Kf8 45. d7 Rd4 46. Re8+ Kg7 47. Nf5+ Kf6 48. Nxd4 1-0


[Site "https://www.chess.com"]

[Event "Titled Tuesday Blitz August 08 Early 2023"]
[White "Fus, Jakub"]
[Black "Mazurkiewicz, Michal"]
[WhiteFideId "1193023"]
[BlackFideId "1124943"]
[WhiteElo "2666"]
[BlackElo "2354"]
[Result "1-0"]
[Round "1"]
[TimeControl "180+1"]
[Date "2023.08.08"]
[WhiteClock "0:01:04"]
[BlackClock "0:00:04"]
[Board "152"]

1. Nf3 Nf6 2. c4 g6 3. Nc3 Bg7 4. e4 d6 5. d4 O-O 6. Be2 e5 7. O-O Nc6 8. Be3 Ng4 9. Bg5 f6 10. Bh4 Kh8 11. h3 exd4 12. Nxd4 Nge5 13. f4 Nxd4 14. Qxd4 Nc6 15. Qd2 Qe8 16. Rae1 Qf7 17. Bd3 f5 18. Nd5 Be6 19. exf5 Bxd5 20. fxg6 hxg6 21. cxd5 Qxd5 22. Qe2 Rae8 23. Qxe8 Rxe8 24. Rxe8+ Kh7 25. Bb1 Qf7 26. Ree1 Nd4 27. Re7 Qf8 28. f5 Nxf5 29. g4 Nxh4 30. Rxf8 Kh6 31. g5+ 1-0


[Site "https://www.chess.com"]

[Event "Titled Tuesday Blitz August 08 Early 2023"]
[White "Kanyamarala, Trisha"]
[Black "Weetik, Vjacheslav"]
[WhiteFideId "45004722"]
[BlackFideId "4153472"]
[WhiteElo "2353"]
[BlackElo "2665"]
[Result "0-1"]
[Round "1"]
[TimeControl "180+1"]
[Date "2023.08.08"]
[WhiteClock "0:00:02"]
[BlackClock "0:00:30"]
[Board "153"]

1. c4 Nf6 2. Nc3 g6 3. g3 c6 4. Bg2 d5 5. d4 dxc4 6. Nf3 Bg7 7. Ne5 Ng4 8. Nf3 O-O 9. O-O b5 10. h3 Nf6 11. Re1 Nbd7 12. Ne5 Nxe5 13. dxe5 Nd5 14. Nxd5 cxd5 15. Qxd5 Be6 16. Qxa8 Qa5 17. Bd2 Qxd2 18. Qxa7 Bxe5 19. Qxe7 Qxb2 20. Rab1 Qxa2 21. Rxb5 Bc3 22. Rc1 Qxe2 23. Bf1 Qd2 24. Qa3 Bd4 25. Bxc4 Qxf2+ 26. Kh1 Bxc4 27. Rxc4 Qg1# 0-1


[Site "https://www.chess.com"]

[Event "Titled Tuesday Blitz August 08 Early 2023"]
[White "Nagare Kaivalya Sandip"]
[Black "Lacasa Diaz, Jose Antonio"]
[WhiteFideId "25957929"]
[BlackFideId "2203375"]
[WhiteElo "2664"]
[BlackElo "2352"]
[Result "1/2-1/2"]
[Round "1"]
[TimeControl "180+1"]
[Date "2023.08.08"]
[WhiteClock "0:00:32"]
[BlackClock "0:01:03"]
[Board "154"]

1. e4 c5 2. Nf3 e6 3. d4 cxd4 4. Nxd4 Nf6 5. Nc3 d6 6. g4 e5 7. Bb5+ Bd7 8. Bxd7+ Qxd7 9. Nf5 h5 10. gxh5 Rxh5 11. Nd5 Rxf5 12. exf5 Qxf5 13. Nxf6+ gxf6 14. Be3 Nc6 15. Qd3 Qe6 16. Qb3 Qxb3 17. axb3 d5 18. O-O-O d4 19. Bd2 Kd7 20. h4 Ke6 21. h5 Bd6 22. h6 Rh8 23. Rdg1 Ne7 24. Rg7 Nf5 25. Rg4 Ne7 26. Rg7 Nf5 27. Rg2 Ne7 28. Rg7 1/2-1/2


[Site "https://www.chess.com"]

[Event "Titled Tuesday Blitz August 08 Early 2023"]
[White "Skuhala, Barbara"]
[Black "Petrosian, Karlen"]
[WhiteFideId "14605465"]
[BlackFideId "4176146"]
[WhiteElo "2351"]
[BlackElo "2662"]
[Result "0-1"]
[Round "1"]
[TimeControl "180+1"]
[Date "2023.08.08"]
[WhiteClock "0:00:31"]
[BlackClock "0:00:16"]
[Board "155"]

1. e4 e6 2. d4 d5 3. Nc3 Nf6 4. Bg5 dxe4 5. Nxe4 Be7 6. Bxf6 gxf6 7. Nf3 f5 8. Ng3 h5 9. Qd3 h4 10. Ne2 a6 11. O-O-O Nc6 12. Kb1 Nb4 13. Qb3 b5 14. c3 Nd5 15. Ne5 Nb6 16. f4 Bb7 17. Rg1 Bd5 18. c4 Nxc4 19. Nxc4 Bxc4 20. Qf3 Qd5 21. Nc3 Qxf3 22. gxf3 Bxf1 23. Rgxf1 c6 24. Ne2 Rg8 25. Rf2 Kd7 26. Nc1 Bd6 27. Nd3 Kc7 28. Rc2 Kb6 29. Rdc1 Rac8 30. a3 h3 31. b4 Rg2 32. Kb2 Rxc2+ 33. Rxc2 Rg8 34. Kc3 Rg1 35. Kb3 Rf1 36. Rf2 Rxf2 37. Nxf2 Bxf4 38. Nxh3 Bxh2 39. Ng5 Bf4 40. Nxf7 Kc7 41. Nh8 Kd7 42. Ng6 Bg3 43. f4 Kd6 44. Kc3 a5 45. bxa5 Be1+ 46. Kd3 Bxa5 47. Ne5 Kd5 48. Nd7 Bc7 49. Nf6+ Kd6 50. Ke3 Ke7 51. Nh5 Bd6 52. Ng3 Bxa3 53. Ne2 Kd6 54. Kd3 Bb4 55. Nc1 Ba5 56. Ne2 Bc7 57. Nc3 Ke7 58. Na2 Bxf4 59. Nb4 Kd7 60. Nc2 Bd6 61. Ke3 c5 62. dxc5 Bxc5+ 63. Kf4 Ke7 64. Ke5 Bd6+ 65. Kd4 Kf6 66. Ne3 f4 67. Nf1 Kf5 68. Kd3 e5 69. Ke2 e4 70. Kf2 Bc5+ 71. Ke2 f3+ 72. Ke1 Kf4 73. Nd2 Bb4 0-1


[Site "https://www.chess.com"]

[Event "Titled Tuesday Blitz August 08 Early 2023"]
[White "Dehtiarov, Roman"]
[Black "Nithyalakshmi, Sivanesan"]
[WhiteFideId "14186640"]
[BlackFideId "5706955"]
[WhiteElo "2662"]
[BlackElo "2350"]
[Result "1-0"]
[Round "1"]
[TimeControl "180+1"]
[Date "2023.08.08"]
[WhiteClock "0:00:10"]
[BlackClock "0:00:00"]
[Board "156"]

1. c4 c5 2. g3 g6 3. Bg2 Bg7 4. Nc3 Nf6 5. Nf3 d6 6. O-O Nc6 7. d3 O-O 8. e4 Bg4 9. Be3 Ne5 10. Qe2 h5 11. Rab1 Rc8 12. Rfc1 Qd7 13. Nxe5 dxe5 14. f3 Be6 15. b4 cxb4 16. Rxb4 b6 17. Rcb1 Rfd8 18. Bf1 Bh3 19. Bxh3 Qxh3 20. a4 h4 21. g4 e6 22. Nd1 Nxe4 23. dxe4 Rxd1+ 24. Rxd1 f5 25. Qg2 fxg4 26. Qxh3 gxh3 27. a5 Bf8 28. c5 bxc5 29. Rc4 Rb8 30. Bxc5 Bh6 31. Bf2 Rb5 32. a6 Ra5 33. Rd8+ Kf7 34. Rc7+ Kf6 35. Bxh4+ g5 36. Be1 Rxa6 37. Kf2 g4 38. Kg3 gxf3 39. Kxh3 Ra3 40. Bh4+ Kg6 41. Rg8+ Kh5 42. Bg3 f2 43. Rf7 Bf4 44. Rh7+ Bh6 45. Rf8 Kg6 46. Rxh6+ Kxh6 47. Rxf2 1-0


[Site "https://www.chess.com"]

[Event "Titled Tuesday Blitz August 08 Early 2023"]
[White "Korpics, Zsolt"]
[Black "Goh, Wei Ming Kevin"]
[WhiteFideId "705241"]
[BlackFideId "5800706"]
[WhiteElo "2347"]
[BlackElo "2662"]
[Result "0-1"]
[Round "1"]
[TimeControl "180+1"]
[Date "2023.08.08"]
[WhiteClock "0:00:00"]
[BlackClock "0:00:28"]
[Board "157"]

1. e4 c5 2. Nf3 d6 3. Nc3 Nf6 4. e5 dxe5 5. Nxe5 Qc7 6. d4 e6 7. Bf4 Qb6 8. Nc4 Qd8 9. Nb5 Nd5 10. Nbd6+ Bxd6 11. Nxd6+ Ke7 12. Bg3 Nc6 13. dxc5 Qa5+ 14. Qd2 Qxc5 15. O-O-O Rd8 16. Ne4 Qa5 17. Qg5+ Kf8 18. Bc4 h6 19. Qh5 Nce7 20. Nd6 Ng6 21. Qf3 Nf6 22. Ne4 Bd7 23. Nxf6 Bc6 24. Nh7+ Kg8 25. Qd3 Rxd3 0-1


[Site "https://www.chess.com"]

[Event "Titled Tuesday Blitz August 08 Early 2023"]
[White "Hua, Lefong"]
[Black "Silva, Kaua Marques"]
[WhiteFideId "2602253"]
[BlackFideId "22701168"]
[WhiteElo "2662"]
[BlackElo "2345"]
[Result "1-0"]
[Round "1"]
[TimeControl "180+1"]
[Date "2023.08.08"]
[WhiteClock "0:00:11"]
[BlackClock "0:00:00"]
[Board "158"]

1. d4 Nf6 2. c4 e6 3. Nc3 d5 4. cxd5 exd5 5. Bg5 c6 6. e3 Bf5 7. Qf3 Bg6 8. Bxf6 Qxf6 9. Qxf6 gxf6 10. Nge2 Nd7 11. Nf4 Bd6 12. g3 Ke7 13. h4 Bxf4 14. gxf4 Kd6 15. Kd2 Bf5 16. Be2 Rhg8 17. Rhg1 Rae8 18. Bh5 Bg6 19. Bf3 Bf5 20. Ne2 Nb6 21. b3 a5 22. Ng3 Ke6 23. Be2 Nc8 24. Nxf5 Kxf5 25. Bd3+ Ke6 26. Bxh7 Rxg1 27. Rxg1 Rh8 28. Rg7 Ne7 29. Bd3 Rxh4 30. a3 Rh1 31. Rg2 Ra1 32. a4 Nc8 33. f5+ Ke7 34. Rg8 Ra2+ 35. Kc3 Nd6 36. f3 Rf2 37. Ra8 Rxf3 38. Rxa5 Rxe3 39. Kd2 Rf3 40. Ra7 Rf2+ 41. Kc3 Kd8 42. a5 Kc8 43. Ra8+ Kc7 44. Rf8 Ra2 45. b4 Ra3+ 46. Kc2 Ra2+ 47. Kb3 Rd2 48. Kc3 Rf2 49. Kb3 Rf3 50. Kc2 Rf4 51. Kc3 Kd7 52. Rb8 Kc7 53. Rf8 Rf3 54. Kd2 Rf2+ 55. Kc3 Kd7 56. Rb8 Ke7 57. Kb3 Rf3 58. Kc2 Rf2+ 59. Kc3 Ra2 60. Bc2 Ra3+ 61. Kd2 Ra2 62. Kc3 Ra3+ 63. Bb3 Ra1 64. Bc2 Nb5+ 65. Kd3 Ra3+ 66. Kd2 Nxd4 67. Rxb7+ Kd6 68. Bd3 Ra2+ 69. Kc3 Ne2+ 70. Bxe2 Rxe2 71. a6 Ra2 72. a7 Ra3+ 73. Kb2 Ra4 74. Rxf7 Rxb4+ 75. Ka3 Rb1 76. Ka2 Rc1 77. a8=Q d4 78. Qd8+ Kc5 79. Rxf6 Kc4 80. Rxc6+ 1-0


[Site "https://www.chess.com"]

[Event "Titled Tuesday Blitz August 08 Early 2023"]
[White "Hoffmann, Asa"]
[Black "Aaditya Dhingra"]
[WhiteFideId "2001470"]
[BlackFideId "25678191"]
[WhiteElo "2342"]
[BlackElo "2661"]
[Result "0-1"]
[Round "1"]
[TimeControl "180+1"]
[Date "2023.08.08"]
[WhiteClock "0:01:16"]
[BlackClock "0:01:27"]
[Board "159"]

1. d4 g6 2. e4 Bg7 3. Be3 d5 4. Nc3 dxe4 5. Nxe4 Nd7 6. Bc4 c6 7. Nf3 Ngf6 8. Ng3 O-O 9. Qd2 Ng4 10. O-O-O Nxe3 11. Qxe3 Nb6 12. Bb3 a5 13. a3 a4 14. Ba2 Nd5 15. Qe2 b5 16. Ne5 Qb6 17. h4 b4 18. h5 bxa3 19. bxa3 Bh6+ 20. Rd2 Rb8 21. Qc4 Qb2+ 22. Kd1 Nc3+ 23. Qxc3 Qxc3 24. Rd3 Qa1+ 25. Ke2 Qxa2 26. hxg6 Qxc2+ 27. Kf3 fxg6+ 0-1


[Site "https://www.chess.com"]